 Dungeon Crawl Stone Soup version 0.15.1-1-gfacfea3 (webtiles) character file.

301656 eustach the Unseen (level 21, -5/182 HPs)
             Began as a Naga Fire Elementalist on Sept 21, 2014.
             Was the Champion of Cheibriados.
             Slain by a stone giant (33 damage)
             ... on Level 2 of the Depths on Sept 23, 2014.
             The game lasted 10:57:11 (61509 turns).

eustach the Unseen (Naga Fire Elementalist)        Turns: 61509, Time: 10:57:11

HP  -5/182       AC 30     Str 25      XL: 21   Next:  4%
MP  25/40        EV 28     Int 34      God: Cheibriados [******]
Gold 1838        SH  0     Dex 34      Spells: 11 memorised, 12 levels left

rFire  + . .     SeeInvis +     e - +5 quarterstaff "Cacij" {vamp, Stlth+}
rCold  + . .     Clarity  +     G - +2 leather armour of Zaeck {MR+ SInv}
rNeg   . . .     rCorr    .     (no shield)
rPois  +         rRot     .     s - +2 helmet
rElec  .         Spirit   .     g - +2 cloak
SustAb .         Warding  .     E - +3 pair of gauntlets of War {Slay+5}
rMut   .         Stasis   .     c - +4 naga barding {rC+}
Gourm  .                        L - amulet of clarity
MR     +++..                    O - ring of protection from fire
                                Y - +3 ring of evasion

@: regenerating, very slow, extremely resistant to hostile enchantments,
incredibly stealthy
A: spit poison, constrict 1, see invisible, deformed body, poison resistance,
slowness 2, AC +7
a: Spit Poison, Bend Time, Temporal Distortion, Slouch, Step From Time, Renounce
Religion
}: 2/15 runes: decaying, gossamer


You were on level 2 of the Depths.
You worshipped Cheibriados.
Cheibriados was exalted by your worship.
You were very full.

You visited 8 branches of the dungeon, and saw 43 of its levels.
You also visited: Ice Cave.

You collected 4927 gold pieces.
You spent 3089 gold pieces at shops.

Inventory:

Hand weapons
 e - the +5 quarterstaff "Cacij" (weapon) {vamp, Stlth+}
   (You found it on level 2 of the Lair of Beasts)

   It inflicts no extra harm, but heals its wielder somewhat when it strikes a
   living foe.
   It makes you more stealthy.
Armour
 c - a +4 naga barding of cold resistance (worn)
 d - the -4 naga barding of Shatait {rF+ Dex+3}
   (You acquired it on level 3 of the Lair of Beasts)

   It affects your dexterity (+3).
   It protects you from fire.
 g - a +2 cloak (worn)
 s - a +2 helmet (worn)
 C - a +2 hat of see invisible
 E - the +3 pair of gauntlets of War (worn) {Slay+5}
   (You bought it in a shop on level 4 of the Orcish Mines)

   It affects your accuracy and damage with ranged weapons and melee attacks
   (+5).
 G - the +2 leather armour of Zaeck (worn) {MR+ SInv}
   (You found it on level 7 of the Dungeon)

   It affects your resistance to hostile enchantments.
   It enhances your eyesight.
Magical devices
 H - a wand of polymorph (0)
 M - a wand of digging (23)
 S - a wand of cold (14)
Comestibles
 a - 40 fruits
 f - 17 meat rations
 D - 6 royal jellies
Scrolls
 i - a scroll of identify
 j - 2 scrolls of enchant weapon
 l - 10 scrolls of remove curse
 m - 2 scrolls of recharging
 n - 4 scrolls of amnesia
 r - a scroll of magic mapping
 z - a scroll of fog
Jewellery
 o - a cursed ring of teleport control
 q - an uncursed ring of sustain abilities
 w - an uncursed ring of protection from cold
 K - the ring "Shoq" {MR+ Str-1 Int+2, unknown}
   (You took it off a rakshasa on level 1 of the Depths)

   [ring of protection from magic]

   It affects your strength (-1).
   It affects your intelligence (+2).
   It affects your resistance to hostile enchantments.
 L - an amulet of clarity (around neck)
 N - an uncursed ring of positive energy
 O - a ring of protection from fire (right hand)
 Q - an uncursed ring of stealth
 T - an uncursed ring of regeneration {unknown}
 V - an uncursed amulet of resist mutation
 Y - a +3 ring of evasion (left hand)
Potions
 t - a potion of cure mutation
 v - 2 potions of restore abilities
 A - a potion of brilliance
 J - 4 potions of cancellation
 R - a potion of resistance
 W - 2 potions of flight
 X - 10 potions of curing
Books
 b - a book of Flames

   Spells                             Type                      Level
   Flame Tongue                       Conjuration/Fire             1
   *Throw Flame                       Conjuration/Fire             2
   *Conjure Flame                     Conjuration/Fire             3
   Inner Flame                        Hexes/Fire                   3
   Sticky Flame                       Conjuration/Fire             4
   *Fireball                          Conjuration/Fire             5
 h - a book of Transfigurations

   Spells                             Type                      Level
   *Stoneskin                         Transmutation/Earth          2
   Ice Form                           Ice/Transmutation            4
   Statue Form                        Transmutation/Earth          6
   Dragon Form                        Transmutation                7
 k - a book of Power

   Spells                             Type                      Level
   Fulminant Prism                    Conjuration/Hexes            4
   *Iskenderun's Mystic Blast         Conjuration                  4
   Venom Bolt                         Conjuration/Poison           5
   *Bolt of Magma                     Conjuration/Fire/Earth       5
   Iron Shot                          Conjuration/Earth            6
   *Orb of Destruction                Conjuration                  7
 y - a book of the Dragon

   Spells                             Type                      Level
   Flight                             Charms/Air                   3
   Cause Fear                         Hexes                        4
   Bolt of Fire                       Conjuration/Fire             6
   Dragon Form                        Transmutation                7
   Dragon's Call                      Summoning                    9
 B - a book of Annihilations

   Spells                             Type                      Level
   Poison Arrow                       Conjuration/Poison           6
   Chain Lightning                    Conjuration/Air              8
   Lehudib's Crystal Spear            Conjuration/Earth            8
   Glaciate                           Conjuration/Ice              9
   Fire Storm                         Conjuration/Fire             9
Miscellaneous
 u - a sack of spiders {used: 3}
 x - a crystal ball of energy


   Skills:
 + Level 9.7 Fighting
   Level 0.2 Short Blades
 * Level 12.7 Staves
 + Level 4.8 Armour
 * Level 14.3 Dodging
 + Level 16.6 Stealth
 + Level 6.0 Unarmed Combat
 * Level 14.1 Spellcasting
 * Level 12.7 Conjurations
 + Level 3.8 Charms
 * Level 5.1 Necromancy
 + Level 5.7 Translocations
 + Level 2.5 Transmutations
 * Level 13.7 Fire Magic
 + Level 6.0 Earth Magic
 + Level 4.4 Invocations
 * Level 3.1 Evocations


You had 12 spell levels left.
You knew the following spells:

 Your Spells              Type           Power        Failure   Level  Hunger
b - Conjure Flame         Conj/Fire      #######.     1%          3    None
c - Throw Flame           Conj/Fire      ######       0%          2    None
d - Fireball              Conj/Fire      #######...   1%          5    None
e - Regeneration          Chrm/Necr      ######....   1%          3    None
f - Bolt of Magma         Conj/Fire/Erth #######...   1%          5    None
g - Iskenderun's Mystic   Conj           #######.     1%          4    None
h - Apportation           Tloc           ######....   1%          1    None
i - Shroud of Golubria    Chrm/Tloc      ######....   1%          2    None
j - Blink                 Tloc           N/A          1%          2    None
k - Stoneskin             Trmt/Erth      ######..     1%          2    None
l - Orb of Destruction    Conj           #######...   10%         7    #####..


Dungeon Overview and Level Annotations

Branches:
Dungeon (15/15)            Temple (1/1) D:5             Orc (4/4) D:9
    Elf (3/3) Orc:3          Lair (8/8) D:10          Swamp (5/5) Lair:6
 Spider (5/5) Lair:3        Slime (0/6) Lair:6       Vaults (0/5) D:13
 Depths (2/5) D:15

Altars:
Ashenzari
Cheibriados
Dithmenos
Elyvilon
Fedhas
Kikubaaqudgha
Makhleb
Nemelex Xobeh
Okawaru
Trog
Vehumet
Xom
Yredelemnul
Zin
The Shining One
Beogh
Lugonu

Shops:
D:5 =   D:7 ?   D:9 }   Orc:4 (:([*[:*[   Elf:2 ?

Portals:
Hell: Lair:8 Depths:1
Abyss: Depths:2
Ziggurat: Depths:1

Annotations:
D:6 in250t's ghost, experienced CeWz
D:11 Erolcha
D:15 Louise
Elf:3 mess' ghost, mighty HOFi
Lair:6 exclusion: 4 oklob plants
Spider:3 Nikola


Innate Abilities, Weirdness & Mutations

You cannot wear boots.
You can spit poison.
You can use your snake-like lower body to constrict enemies.
Your serpentine skin is tough (AC +7).
You have supernaturally acute eyesight.
Armour fits poorly on your strangely shaped body.
Your system is resistant to poisons.
You cover ground very slowly.


Message History

Your skin crawls.
The stone giant hits you!
* * * LOW HITPOINT WARNING * * *
Drink which item? (? for menu, Esc to quit)
You feel better. The stone giant hits you!
* * * LOW HITPOINT WARNING * * *
Use which ability? (? or * to list)
Okay, then.
Evoke which item? (* to show all) (? for menu, Esc to quit)
You reach into the bag... ...and things crawl out!
The stone giant completely misses you.
Read which item? (? for menu, Esc to quit)
As you read the scroll of fear, it crumbles to dust.
You assume a fearsome visage.
The stone giant resists with almost no effort.
The stone giant misses you.
Drink which item? (? for menu, Esc to quit)
You feel better.
Your spider bites the stone giant but does no damage.
The stone giant hits you!!
You die...

... ### .... ..# #
...####.# #####
#.......# ......
#.......# #####
#.......# #.......#
#.......# . #
#@s.....##########
#.##.##.C........).∩....
#....C...(...###########
#.##.##.##§##<.......
#.##(# ####### #.##.#
#.##.# #.##.# #.##.#


You could see a stone giant and a friendly spider.

Vanquished Creatures
  Saint Roka (Elf:2)
  the Lernaean hydra (Swamp:5)
  Norris (Swamp:4)
  A titan (Depths:1)
  A deep elf master archer (Elf:3)
  An octopode crusher (Depths:1)
  2 sphinxes
  3 ettins (Depths:1)
  5 fire giants
  A tengu reaver (Depths:1)
  2 deep elf sorcerers (Elf:3)
  The ghost of bullock the Eclecticist, a mighty DEWz of Vehumet (Spider:2)
  9 emperor scorpions
  2 frost giants (Depths:1)
  An orc warlord (Orc:4)
  3 ghost moths
  Gastronok (Orc:2)
  A stone giant (Depths:1)
  4 deep elf demonologists (Elf:3)
  The ghost of gigot the Brawler, a powerful MiMo of Trog (Lair:5)
  2 very ugly things (Depths:1)
  A dire elephant (D:15)
  2 deep elf annihilators (Elf:3)
  A dire elephant (shapeshifter) (Depths:1)
  A merfolk javelineer (Depths:1)
  Snorg (Lair:8)
  A deep elf death mage (Elf:3)
  2 vault guards (D:13)
  3 rakshasas (Depths:1)
  5 fire dragons
  The ghost of toxicsyntax the Fencer, a powerful MiFi of Okawaru (D:11)
  A yaktaur captain (Depths:1)
  2 ice dragons (Depths:1)
  29 hydras
  2 minotaurs (Depths:1)
  2 shambling mangroves
  An ogre mage (Depths:1)
  Erica (Lair:8)
  9 death yaks
  9 centaur warriors
  2 deep troll earth magi
  6 deep troll shamans
  A spriggan berserker (Depths:1)
  8 alligators
  An orc high priest (Orc:4)
  4 hell knights (Depths:1)
  A sun demon (Lair:8)
  3 catoblepae
  Nergalle (Lair:6)
  A fire crab (shapeshifter) (D:15)
  4 iron trolls
  8 deep elf knights
  An unseen horror (shapeshifter) (D:15)
  2 unseen horrors
  A wizard (Lair:8)
  The ghost of Vidiiot the Grappler, an experienced VSMo of Okawaru (Lair:5)
  2 deep elf summoners
  A deep troll (shapeshifter) (Depths:1)
  17 orb spiders
  2 ice statues (IceCv)
  7 hill giants
  16 swamp dragons
  3 necromancers
  7 deep elf conjurers
  14 deep trolls
  8 manticores
  9 red wasps
  34 ugly things
  40 wolf spiders
  4 griffons
  4 orc sorcerers
  3 orc knights (Orc:4)
  2 cyclopes
  A black mamba (Lair:8)
  A moth of wrath (Spider:5)
  2 sixfirhies
  13 elephants
  A torpor snail (Spider:1)
  An item mimic (Orc:3)
  30 spiny frogs
  Psyche (D:9)
  An orange demon (Lair:8)
  10 yaktaurs
  A smoke demon (Elf:3)
  3 redback zombies (Spider:1)
  13 komodo dragons
  A yaktaur (shapeshifter) (D:15)
  An iron troll zombie (Depths:1)
  An elf (shapeshifter) (Depths:1)
  29 jumping spiders
  2 hellwings
  16 demonic crawlers
  2 blue devils (Lair:8)
  3 fire drakes
  4 red devils (Lair:8)
  6 deep elf priests
  3 tengu conjurers
  A hydra zombie (D:14)
  A queen bee (Lair:1)
  Sonja (D:14)
  Prince Ribbit (D:7)
  9 baby alligators
  5 polar bears
  10 giant leeches
  7 trolls
  6 bog bodies
  17 ravens
  22 slime creatures
  A boulder beetle (Lair:8)
  4 basilisks
  7 two-headed ogres
  18 blink frogs
  4 shadows
  4 water elementals (Depths:1)
  45 redbacks
  4 vampires
  A redback (shapeshifter) (Elf:1)
  27 tarantellas
  3 wyverns
  22 deep elf magi
  19 trapdoor spiders
  10 spriggans
  43 yaks
  22 deep elf fighters
  20 humans (D:13)
  12 hippogriffs
  3 hungry ghosts
  24 swamp worms
  2 hill giant skeletons
  2 soldier ants
  Edmund (D:8)
  3 hell hounds (Lair:8)
  A tengu zombie (D:10)
  Menkaure (D:6)
  2 deep troll zombies (Depths:1)
  19 vampire mosquitoes
  A warg (Orc:4)
  A mottled dragon (D:13)
  29 water moccasins
  18 porcupines
  A hydra simulacrum (D:15)
  26 wolves
  5 black bears
  37 orc warriors
  21 swamp drakes
  2 human skeletons
  30 spiders
  A tengu skeleton (D:13)
  A black bear (shapeshifter) (Depths:1)
  3 sky beasts
  14 ogres
  8 centaurs
  2 phantoms
  18 yellow wasps
  4 boring beetles
  14 ice beasts
  A necrophage (D:6)
  A manticore skeleton (D:14)
  18 giant frogs
  4 big kobolds (D:9)
  17 crocodiles
  Blork the orc (D:9)
  A yaktaur skeleton (D:15)
  18 insubstantial wisps
  13 scorpions
  A cyclops skeleton (D:15)
  8 wights
  2 eyes of draining
  28 killer bees
  3 goliath beetles
  8 jellies
  2 electric eels
  2 giant frog zombies
  3 human zombies (D:13)
  A komodo dragon simulacrum (D:14)
  2 iron imps (Elf:3)
  30 orc priests
  6 crimson imps
  12 hounds
  2 centaur skeletons
  8 orange rats (Lair:4)
  14 iguanas
  7 quasits
  6 worker ants
  48 orc wizards
  30 sheep
  A hound zombie (D:10)
  A hound skeleton (D:11)
  2 mummies
  A worker ant zombie (D:11)
  A gnoll (D:9)
  34 adders
  125 green rats
  2 shadow imps
  3 white imps (D:14)
  3 worms
  9 ufetubi
  2 orc zombies
  An adder skeleton (D:5)
  An adder zombie (D:8)
  A giant eyeball (D:15)
  4 giant geckos
  3 oozes (D:2)
  227 orcs
  18 bats
  A bat skeleton (D:8)
  3 giant cockroaches
  18 goblins
  28 hobgoblins
  36 kobolds
  20 quokkas
  3 ball pythons
  8 giant newts
  A giant spore (D:8)
  A jackal zombie (D:7)
  2 orc skeletons
  33 rats
  A rat zombie (D:7)
  4 ballistomycetes
  A bush (Elf:3)
  A butterfly (Lair:3)
  3 crawling corpses (Elf:3)
  5 fungi
2027 creatures vanquished.

Vanquished Creatures (collateral kills)
  A shambling mangrove (Swamp:2)
  2 death yaks (Lair:7)
  An orb spider (Spider:1)
  A wolf spider (Spider:1)
  5 redbacks (Spider:1)
  A human (D:13)
  5 trapdoor spiders
  A hill giant skeleton (D:15)
  A hydra simulacrum (D:14)
  An ice beast (D:12)
  3 spiders (Spider:1)
  A hound (Lair:7)
  A fungus (Lair:7)
24 creatures vanquished.

Vanquished Creatures (others)
  A hydra (Swamp:5)
  A wolf spider zombie (Spider:2)
  2 redback zombies (Spider:1)
  A demonic crawler zombie (Spider:1)
  An ugly thing zombie (D:15)
  A raven (D:12)
  A deep elf fighter (Elf:1)
  A raven zombie (D:12)
  3 spiders
  A water moccasin (Lair:7)
  A manticore zombie (D:14)
  A swamp drake (Swamp:5)
  A manticore skeleton (D:14)
  2 lost souls (Elf:3)
  A tengu zombie (D:12)
  A polar bear zombie (D:14)
  A spriggan zombie (Swamp:2)
  2 yak skeletons (D:14)
  A centaur zombie (D:14)
  A kobold zombie (D:14)
  3 human zombies (D:13)
  A hound (Lair:7)
  An orc (Orc:4)
  2 giant spores (D:14)
  2 orc skeletons (D:14)
  A butterfly (D:10)
  16 fungi
  6 plants
57 creatures vanquished.

Grand Total: 2108 creatures vanquished

Notes
Turn   | Place    | Note
--------------------------------------------------------------
     0 | D:1      | eustach, the Naga Fire Elementalist, began the quest for the Orb.
     0 | D:1      | Reached XP level 1. HP: 15/15 MP: 3/3
   364 | D:1      | Reached XP level 2. HP: 22/22 MP: 2/4
  1078 | D:2      | Reached XP level 3. HP: 28/28 MP: 3/6
  1083 | D:2      | Learned a level 3 spell: Conjure Flame
  1086 | D:2      | Learned a level 2 spell: Throw Flame
  1705 | D:2      | Reached XP level 4. HP: 37/37 MP: 0/8
  1844 | D:2      | Reached skill level 4 in Stealth
  2008 | D:2      | Found a shimmering altar of Xom.
  2175 | D:3      | Reached skill level 1 in Fighting
  2481 | D:3      | Reached XP level 5. HP: 34/44 MP: 3/10
  3676 | D:5      | Entered Level 5 of the Dungeon
  3788 | D:4      | Found a radiant altar of Vehumet.
  3945 | D:4      | Reached XP level 6. HP: 38/52 MP: 8/12
  4562 | D:5      | Found Musef's Jewellery Emporium.
  5009 | D:5      | Bought a +2 ring of intelligence for 90 gold pieces
  5173 | D:5      | Reached skill level 5 in Stealth
  5284 | D:4      | Found an ancient bone altar of Kikubaaqudgha.
  5284 | D:4      | Found a glowing golden altar of the Shining One.
  5284 | D:4      | Found a bloodstained altar of Trog.
  5561 | D:6      | Noticed Menkaure
  5637 | D:6      | Reached XP level 7. HP: 60/60 MP: 0/15
  5662 | D:6      | Noticed in250t's ghost (experienced CeWz)
  6026 | D:5      | Found a staircase to the Ecumenical Temple.
  6032 | Temple   | Entered the Ecumenical Temple
  6047 | Temple   | Became a worshipper of Cheibriados the Contemplative
  6360 | D:7      | Reached skill level 6 in Stealth
  6516 | D:7      | Noticed Prince Ribbit
  6598 | D:7      | Got a garnet-encrusted leather armour
  6609 | D:6      | Identified the +2 leather armour of Zaeck {MR+ SInv} (You found it on level 7 of the Dungeon)
  6942 | D:6      | Found a white marble altar of Elyvilon.
  6948 | D:6      | Reached skill level 1 in Invocations
  6951 | D:6      | Killed Menkaure
  6951 | D:6      | Reached XP level 8. HP: 27/68 MP: 9/18
  7150 | D:6      | Noticed a water moccasin
  7164 | D:6      | Killed a water moccasin
  7366 | D:6      | Noticed a hippogriff
  7397 | D:6      | Noticed a hungry ghost
  7603 | D:7      | Found Quyheas' Magic Scroll Boutique.
  7613 | D:7      | Bought a scroll of blinking for 75 gold pieces
  7613 | D:7      | Bought a scroll of identify for 20 gold pieces
  7620 | D:7      | Learned a level 5 spell: Fireball
  7836 | D:8      | Found an iron altar of Okawaru.
  8214 | D:8      | Reached skill level 7 in Stealth
  8214 | D:8      | Reached skill level 5 in Fire Magic
  8214 | D:8      | Reached XP level 9. HP: 76/76 MP: 9/20
  8361 | D:8      | Reached skill level 1 in Armour
  8559 | D:8      | Noticed Edmund
  8579 | D:8      | Killed Edmund
  8656 | D:8      | Reached skill level 5 in Spellcasting
  8892 | D:9      | Noticed Psyche
  8965 | D:7      | Killed Prince Ribbit
  9162 | D:9      | Found Derees' Gadget Boutique.
  9314 | D:9      | Acquired Cheibriados' first power
  9401 | D:9      | Reached skill level 5 in Conjurations
  9779 | D:9      | Found a staircase to the Orcish Mines.
  9851 | D:10     | Entered Level 10 of the Dungeon
 10046 | D:8      | Reached skill level 8 in Stealth
 10564 | D:9      | Acquired Cheibriados' second power
 10858 | D:10     | Found a staircase to the Lair.
 10865 | D:10     | Reached XP level 10. HP: 85/85 MP: 13/24
 10935 | D:10     | Noticed an elephant
 11021 | D:10     | Noticed a hill giant
 11143 | D:10     | Killed an elephant
 11357 | D:10     | Noticed a centaur warrior
 11367 | D:10     | Killed a centaur warrior
 11367 | D:10     | Reached skill level 5 in Dodging
 11587 | Lair:1   | Entered Level 1 of the Lair of Beasts
 11770 | Lair:1   | Acquired Cheibriados' third power
 11795 | Lair:1   | HP: 4/85 [poisoned by a water moccasin]
 11802 | Lair:1   | HP: 3/85 [poisoned by a water moccasin]
 11810 | Lair:1   | HP: 3/85 [poisoned by a water moccasin]
 11820 | Lair:1   | HP: 3/85 [poisoned by a water moccasin]
 11826 | Lair:1   | HP: 4/85 [poisoned by a water moccasin]
 11832 | Lair:1   | HP: 4/85 [poisoned by a water moccasin]
 12191 | Lair:1   | Reached skill level 9 in Stealth
 12596 | Lair:1   | Learned a level 3 spell: Flight
 12603 | Lair:1   | Learned a level 6 spell: Bolt of Fire
 12684 | Lair:1   | Learned a level 5 spell: Bolt of Magma
 12689 | Lair:1   | Learned a level 4 spell: Iskenderun's Mystic Blast
 12924 | Lair:1   | Reached XP level 11. HP: 90/92 MP: 22/26
 14126 | Lair:1   | Reached skill level 10 in Stealth
 15485 | Lair:2   | Noticed a five-headed hydra
 15903 | Lair:2   | Got a transparent quarterstaff
 15904 | Lair:2   | Identified the cursed +5 quarterstaff "Cacij" {vamp, Stlth+} (You found it on level 2 of the Lair of Beasts)
 17031 | Lair:3   | Found a dark tunnel.
 17047 | Lair:3   | Reached skill level 11 in Stealth
 17572 | Lair:3   | Identified a scroll of acquirement
 17575 | Lair:3   | Got an ancient naga barding
 17576 | Lair:3   | Identified the -4 naga barding of Shatait {rF+ Dex+3} (You acquired it on level 3 of the Lair of Beasts)
 17640 | Lair:3   | Reached XP level 12. HP: 100/100 MP: 5/29
 17853 | Lair:3   | Found a hole to the Spider Nest.
 17854 | Lair:3   | Noticed an orb spider
 17872 | Lair:3   | Killed an orb spider
 18038 | Lair:3   | Learned a level 1 spell: Apportation
 18041 | Lair:3   | Learned a level 2 spell: Shroud of Golubria
 18044 | Lair:3   | Learned a level 2 spell: Blink
 18125 | Lair:3   | Reached skill level 1 in Staves
 18152 | Lair:3   | Learned a level 3 spell: Teleport Other
 18617 | Lair:4   | Noticed an eight-headed hydra
 18655 | Lair:4   | Killed an eight-headed hydra
 19433 | Lair:4   | Reached skill level 1 in Translocations
 19543 | Lair:4   | Reached skill level 12 in Stealth
 21190 | Lair:2   | Killed a five-headed hydra
 21359 | Lair:1   | Reached XP level 13. HP: 66/108 MP: 5/30
 21728 | D:10     | Killed a hill giant
 21728 | D:10     | Reached skill level 1 in Unarmed Combat
 22217 | D:10     | Learned a level 2 spell: Stoneskin
 22600 | D:9      | Killed Psyche
 22600 | D:9      | Reached skill level 1 in Earth Magic
 22859 | D:9      | Noticed Blork the orc
 22860 | D:9      | Killed Blork the orc
 23100 | D:7      | Bought a scroll of acquirement for 520 gold pieces
 23228 | D:9      | Reached skill level 10 in Spellcasting
 23333 | Orc:1    | Entered Level 1 of the Orcish Mines
 23915 | Orc:2    | Noticed Gastronok
 23936 | Orc:2    | Killed Gastronok
 23936 | Orc:2    | Reached skill level 5 in Fighting
 24479 | Orc:3    | Found a frozen archway.
 24487 | IceCv    | Entered an ice cave
 26175 | Orc:3    | Found a staircase to the Elven Halls.
 26400 | Orc:4    | Entered Level 4 of the Orcish Mines
 26560 | Orc:4    | Noticed an orc warlord
 26582 | Orc:4    | Killed an orc warlord
 26582 | Orc:4    | Reached skill level 13 in Stealth
 26678 | Orc:4    | Found a roughly hewn altar of Beogh.
 26707 | Orc:4    | HP: 4/110 [orc warrior/battleaxe[an orc warlord] (18)]
 27115 | Orc:4    | Reached XP level 14. HP: 107/118 MP: 5/32
 27164 | Orc:4    | Found Schaqusiu's Antique Weapon Shop.
 27242 | Orc:4    | Found Raoheyq's Antique Armour Shop.
 27257 | Orc:4    | Found Motorofua's Book Boutique.
 27291 | Orc:4    | Found Upnalali's General Store.
 27307 | Orc:4    | Found Cicoap's Book Shop.
 27395 | Orc:4    | Found Utew's Antique Armour Boutique.
 27528 | Orc:4    | Found a bloodstained altar of Trog.
 27534 | Orc:4    | Found Twinlegh's Antique Armour Shoppe.
 27542 | Orc:4    | Found Pemivur's General Store.
 27583 | Orc:4    | Bought the +3 pair of gauntlets of War {Slay+5} for 570 gold pieces
 27723 | Orc:4    | Bought a shimmering cloak for 237 gold pieces
 27724 | Orc:4    | Identified the +0 cloak of the Maze {+Fly} (You bought it in a shop on level 4 of the Orcish Mines)
 28054 | Orc:4    | Found Wiufis' Antique Weapon Boutique.
 28446 | Lair:5   | Noticed Vidiiot's ghost (experienced VSMo)
 28531 | Lair:5   | Noticed gigot's ghost (powerful MiMo)
 28542 | Lair:5   | Killed gigot's ghost
 29171 | Lair:6   | Found a staircase to the Swamp.
 29176 | Lair:6   | Reached skill level 1 in Charms
 29213 | Lair:6   | Learned a level 3 spell: Flight
 29217 | Swamp:1  | Entered Level 1 of the Swamp
 29323 | Lair:5   | Reached skill level 10 in Fire Magic
 29385 | Lair:5   | Reached skill level 1 in Transmutations
 29862 | Lair:5   | Killed Vidiiot's ghost
 29862 | Lair:5   | Reached skill level 5 in Unarmed Combat
 30605 | Lair:6   | Noticed Nergalle
 30636 | Lair:6   | Killed Nergalle
 31039 | Lair:6   | Found a staircase to the Slime Pits.
 31694 | Lair:7   | Reached skill level 5 in Staves
 31800 | Lair:7   | Got a steaming sapphire amulet
 31801 | Lair:7   | Identified the amulet of Qopox {Inacc Str+2} (You found it on level 7 of the Lair of Beasts)
 31863 | Lair:7   | Reached skill level 14 in Stealth
 32602 | Lair:8   | Entered Level 8 of the Lair of Beasts
 32849 | Lair:8   | Reached XP level 15. HP: 111/127 MP: 27/33
 33282 | Lair:8   | Noticed Erica
 33308 | Lair:8   | Killed Erica
 33411 | Lair:8   | Noticed Snorg
 33629 | Lair:8   | Killed Snorg
 33837 | Lair:8   | Found a burning altar of Makhleb.
 33881 | Lair:8   | Found a gateway to Hell.
 35233 | D:11     | Noticed toxicsyntax's ghost (powerful MiFi)
 35458 | D:11     | Killed toxicsyntax's ghost
 35458 | D:11     | Reached skill level 10 in Dodging
 35535 | D:11     | Noticed Erolcha
 35787 | D:11     | Reached skill level 15 in Stealth
 35967 | D:12     | Learned a level 3 spell: Regeneration
 35972 | D:12     | Learned a level 4 spell: Animate Dead
 36173 | D:12     | Reached skill level 1 in Necromancy
 37469 | D:13     | Reached XP level 16. HP: 139/139 MP: 32/34
 37575 | D:13     | Found a gate to the Vaults.
 38313 | D:14     | Found a white marble altar of Elyvilon.
 38315 | D:14     | Noticed Sonja
 38524 | D:14     | Killed Sonja
 38910 | D:14     | Your ally Sonja died
 39020 | D:15     | Entered Level 15 of the Dungeon
 39290 | D:15     | Found a staircase to the Depths.
 39591 | D:15     | Noticed Louise
 39674 | D:15     | Reached skill level 16 in Stealth
 40052 | Orc:4    | Bought a book of Annihilations for 1435 gold pieces
 40261 | Spider:1 | Entered Level 1 of the Spider Nest
 41332 | Spider:2 | Noticed bullock's ghost (mighty DEWz)
 41892 | Lair:6   | Reached skill level 1 in Evocations
 41933 | Swamp:1  | Reached skill level 10 in Conjurations
 41936 | Swamp:1  | Reached XP level 17. HP: 130/146 MP: 17/35
 42042 | Swamp:2  | Found a white marble altar of Elyvilon.
 44131 | Swamp:4  | Noticed Norris
 45391 | Swamp:5  | Entered Level 5 of the Swamp
 45476 | Swamp:5  | Learned a level 7 spell: Orb of Destruction
 46209 | Swamp:5  | Reached skill level 5 in Translocations
 46630 | Swamp:5  | Noticed the 27-headed Lernaean hydra
 46643 | Swamp:5  | Killed the 27-headed Lernaean hydra
 46643 | Swamp:5  | Reached XP level 18. HP: 114/157 MP: 3/36
 46855 | Swamp:5  | Reached skill level 10 in Staves
 47057 | Swamp:5  | Got a decaying rune of Zot
 47207 | Swamp:4  | Killed Norris
 48267 | Elf:1    | Entered Level 1 of the Elven Halls
 49853 | Elf:3    | Entered Level 3 of the Elven Halls
 50143 | Elf:2    | Found Julukhloo's Magic Scroll Emporium.
 50149 | Elf:2    | Noticed Saint Roka
 50152 | Elf:2    | Bought a scroll of blinking for 112 gold pieces
 50254 | Elf:2    | Bought a scroll of identify for 30 gold pieces
 50275 | Elf:2    | Killed Saint Roka
 51200 | Elf:3    | Noticed an Ice Fiend
 51212 | Elf:3    | Reached skill level 5 in Earth Magic
 51215 | Elf:3    | Noticed mess' ghost (mighty HOFi)
 52083 | Depths:1 | Entered Level 1 of the Depths
 52193 | Depths:1 | Found a gateway to a ziggurat.
 52229 | Depths:1 | Reached XP level 19. HP: 143/163 MP: 38/38
 53051 | Spider:2 | Killed bullock's ghost
 54146 | Spider:3 | Noticed Nikola
 55192 | Spider:5 | Entered Level 5 of the Spider Nest
 56886 | Spider:5 | Reached XP level 20. HP: 148/174 MP: 14/39
 57287 | Spider:5 | Got a gossamer rune of Zot
 58545 | Depths:1 | Gained mutation: You are frail (-10% HP). [mutagenic meat]
 58546 | Depths:1 | Lost mutation: You are frail (-10% HP). [potion of cure mutation]
 58547 | Depths:1 | Gained mutation: Your spells are a little easier to cast, but a little less powerful. [mutagenic meat]
 58548 | Depths:1 | Gained mutation: Your muscles are strong. (Str +2) [mutagenic meat]
 58706 | Depths:1 | Found a sparkling altar of Nemelex Xobeh.
 60065 | Depths:1 | Gained mutation: You are dopey. (Int -2) [mutagenic meat]
 60066 | Depths:1 | Gained mutation: You are agile. (Dex +2) [mutagenic meat]
 60067 | Depths:1 | Gained mutation: You have difficulty communicating with the divine. [mutagenic meat]
 60068 | Depths:1 | Gained mutation: You have a pair of small horns on your head. [mutagenic meat]
 60069 | Depths:1 | Lost mutation: Your spells are a little easier to cast, but a little less powerful. [potion of cure mutation]
 60069 | Depths:1 | Lost mutation: Your muscles are strong. (Str +2) [potion of cure mutation]
 60069 | Depths:1 | Lost mutation: You are dopey. (Int -2) [potion of cure mutation]
 60069 | Depths:1 | Lost mutation: You have difficulty communicating with the divine. [potion of cure mutation]
 60104 | Depths:1 | Gained mutation: You can breathe flames. [mutagenic meat]
 60105 | Depths:1 | Gained mutation: Your spells are a little harder to cast, but a little more powerful. [mutagenic meat]
 60106 | Depths:1 | Lost mutation: You are agile. (Dex +2) [potion of cure mutation]
 60106 | Depths:1 | Lost mutation: You have a pair of small horns on your head. [potion of cure mutation]
 60106 | Depths:1 | Lost mutation: Your spells are a little harder to cast, but a little more powerful. [potion of cure mutation]
 60106 | Depths:1 | Lost mutation: You can breathe flames. [potion of cure mutation]
 60237 | Depths:1 | Got a pitted lead ring
 60966 | Depths:1 | Reached skill level 5 in Necromancy
 61013 | Depths:1 | Identified Blaymun's Handbook of Creative Necromancy
 61260 | Depths:2 | Noticed a lich
 61366 | Depths:2 | Noticed a golden dragon
 61380 | Depths:2 | Noticed a golden dragon
 61383 | Depths:2 | Found a one-way gate to the infinite horrors of the Abyss.
 61456 | Depths:2 | Reached XP level 21. HP: 141/182 MP: 40/40
 61509 | Depths:2 | Slain by a stone giant

Action                   |  1- 3 |  4- 6 |  7- 9 | 10-12 | 13-15 | 16-18 | 19-21 || total
-------------------------+-------+-------+-------+-------+-------+-------+-------++-------
Melee: Unarmed           |     2 |       |       |       |       |       |       ||     2
       Dagger            |     9 |   131 |    90 |    39 |       |       |       ||   269
       Quarterstaff      |       |       |     3 |   113 |  1175 |  1188 |  1291 ||  3770
 Cast: Flame Tongue      |    52 |   122 |   224 |   546 |   142 |    27 |       ||  1113
       Conjure Flame     |     3 |     7 |    16 |    22 |    80 |    86 |    45 ||   259
       Throw Flame       |       |       |    41 |    40 |   115 |   178 |    87 ||   461
       Fireball          |       |       |     1 |    23 |    80 |    99 |    60 ||   263
       Iskenderun's Myst |       |       |       |    13 |     8 |    15 |     2 ||    38
       Shroud of Golubri |       |       |       |     2 |    61 |    63 |    50 ||   176
       Bolt of Magma     |       |       |       |     2 |    13 |    12 |     3 ||    30
       Stoneskin         |       |       |       |       |    50 |    49 |    40 ||   139
       Blink             |       |       |       |       |     4 |    21 |     9 ||    34
       Teleport Other    |       |       |       |       |     1 |       |       ||     1
       Flight            |       |       |       |       |     1 |       |       ||     1
       Animate Dead      |       |       |       |       |     1 |    20 |       ||    21
       Regeneration      |       |       |       |       |       |    13 |    21 ||    34
       Apportation       |       |       |       |       |       |     2 |       ||     2
       Orb of Destructio |       |       |       |       |       |    15 |    42 ||    57
Invok: Slouch            |       |       |       |       |     3 |     3 |     2 ||     8
       Step From Time    |       |       |       |       |     1 |       |       ||     1
 Abil: Spit Poison       |     7 |    25 |    32 |    29 |    22 |    21 |    12 ||   148
Evoke: Wand              |       |       |     1 |    13 |    14 |     3 |     1 ||    32
       Sack of spiders   |       |       |       |       |     1 |     1 |     1 ||     3
       Crystal ball of e |       |       |       |       |       |       |     1 ||     1
  Use: Scroll            |       |     7 |    11 |    23 |    20 |    27 |    15 ||   103
       Potion            |       |     3 |     6 |    12 |    11 |    10 |    11 ||    53
 Stab: Sleeping          |     1 |     5 |    10 |    16 |    47 |    33 |    14 ||   126
       Distracted        |       |       |     1 |     1 |    10 |    12 |     6 ||    30
       Fleeing           |       |       |       |       |     1 |       |       ||     1
  Eat: Chunk             |     2 |    15 |    16 |    15 |    22 |    11 |    28 ||   109
       Royal jelly       |       |     1 |       |     1 |     2 |     3 |     3 ||    10
       Beef jerky        |       |       |       |     3 |       |     3 |     2 ||     8
       Pizza             |       |       |       |     2 |       |     4 |     2 ||     8
       Bread ration      |       |       |       |     1 |     2 |     1 |     1 ||     5
       Fruit             |       |       |       |     1 |       |     1 |     2 ||     4
       Meat ration       |       |       |       |       |       |     1 |     1 ||     2
